[Event "Nationale Pupillendag 2012 - Cat. F"]
[Site "Roosendaal"]
[Date "2012.06.16"]
[Round "3.16"]
[White "Terwee, Michiel"]
[Black "Varnica, Milan"]
[Result "1-0"]
[ECO "D55"]
[WhiteElo "820"]
[BlackElo "724"]
[PlyCount "109"]
[EventDate "2012.??.??"]
[TimeControl "1200+70"]
[WhiteClock "0:12:14"]
[BlackClock "0:03:15"]

1. d4 d5 2. c4 Nf6 3. Nc3 e6 4. Bg5 Be7 5. Nf3 O-O 6. e3 Bd7 7. Bd3 Nc6 8. O-O
Nb4 9. a3 Nxd3 10. Qxd3 Rb8 11. Nb5 a6 12. Nc3 b5 13. cxd5 exd5 14. Bxf6 Bxf6
15. Nxd5 c6 16. Nf4 Qc7 17. Rab1 Be6 18. b3 a5 19. Nxe6 fxe6 20. a4 Be7 21.
axb5 cxb5 22. d5 exd5 23. Qxd5+ Kh8 24. Rbc1 Qb7 25. Qxb7 Rxb7 26. Ra1 Bb4 27.
Nd4 h6 28. Nc6 Bd6 29. Nxa5 Rbf7 30. e4 Bc5 31. Ra2 Kh7 32. Rb2 g5 33. e5 Bd4
34. Re2 g4 35. g3 h5 36. Kh1 Bxf2 37. e6 Rf6 38. e7 Re8 39. Rfxf2 Rxf2 40. Rxf2
Rxe7 41. Kg2 Kg6 42. h3 Kg5 43. hxg4 Kxg4 44. Rf4+ Kg5 45. Rb4 Re2+ 46. Kf3 Rc2
47. Rxb5+ Kg6 48. Rb6+ Kg5 49. Ke3 Rc3+ 50. Kf2 Kg4 51. Rg6+ Kf5 52. Rc6 Rd3
53. b4 Kg4 54. Rc4+ Kh3 55. Rh4# 1-0

[Event "Nationale Pupillendag 2012 - Cat. F"]
[Site "Roosendaal"]
[Date "2012.06.16"]
[Round "4.1"]
[White "Kroetkov, Ivan"]
[Black "Maes, Djad"]
[Result "0-1"]
[ECO "C50"]
[WhiteElo "922"]
[BlackElo "845"]
[PlyCount "50"]
[EventDate "2012.??.??"]
[TimeControl "1200+50"]
[WhiteClock "0:16:01"]
[BlackClock "0:17:32"]

1. e4 e5 2. Nf3 Nc6 3. Nc3 Bc5 4. Bc4 Nf6 5. d3 O-O 6. Bg5 d6 7. Nd5 Bg4 8.
Nxf6+ gxf6 9. Bh6 Re8 10. c3 a6 11. h3 Bh5 12. Qe2 b5 13. Bd5 Qd7 14. O-O b4
15. c4 Nd4 16. Qd1 Nxf3+ 17. gxf3 Rab8 18. Be3 Qxh3 19. Bxc5 Bxf3 20. Qxf3 Qxf3
21. Ba7 Kh8 22. Bxf7 Rf8 23. Bd5 Rg8+ 24. Bxg8 Rxg8+ 25. Kh2 Qg2# 0-1

[Event "Nationale Pupillendag 2012 - Cat. F"]
[Site "Roosendaal"]
[Date "2012.06.16"]
[Round "4.2"]
[White "Van Harten, Eva"]
[Black "Hoeneveld, Maarten"]
[Result "0-1"]
[ECO "A02"]
[WhiteElo "867"]
[BlackElo "1355"]
[PlyCount "86"]
[EventDate "2012.??.??"]
[TimeControl "1200+165"]
[WhiteClock "0:05:45"]
[BlackClock "0:02:10"]

1. f4 e5 2. fxe5 d6 3. exd6 Bxd6 4. Nf3 Bg4 5. e3 Nc6 6. Be2 Nf6 7. O-O Qe7 8.
Nc3 Ne5 9. d4 Nxf3+ 10. Bxf3 Bxf3 11. Qxf3 c6 12. Bd2 O-O 13. Rae1 c5 14. a3
Qd7 15. Nd5 Ng4 16. h3 Nh2 17. Qe2 Nxf1 18. Rxf1 Qe6 19. c4 cxd4 20. Re1 dxe3
21. Bxe3 Rfe8 22. Qd1 Qe5 23. c5 Bxc5 24. Qd2 Rad8 25. Qf2 Rxd5 26. Qf3 Bxe3+
27. Kf1 Qf5 28. Qxf5 Rxf5+ 29. Ke2 Bf2+ 30. Kd3 Bxe1 31. Kc2 Rc5+ 32. Kd3 Rd5+
33. Kc4 Rd2 34. Kb3 Rc8 35. Ka2 Rd3 36. Kb1 a5 37. Ka2 a4 38. Kb1 Rd4 39. Ka1
Rc1+ 40. Ka2 Rdd1 41. b3 Bc3 42. bxa4 Rb1 43. a5 Rb2# 0-1

[Event "Nationale Pupillendag 2012 - Cat. F"]
[Site "Roosendaal"]
[Date "2012.06.16"]
[Round "4.3"]
[White "Hilwerda, Jonas"]
[Black "De Boer, Eelke"]
[Result "0-1"]
[ECO "C01"]
[WhiteElo "1255"]
[BlackElo "1205"]
[PlyCount "90"]
[EventDate "2012.??.??"]
[TimeControl "1200+100"]
[WhiteClock "0:00:24"]
[BlackClock "0:04:30"]

1. e4 e6 2. d4 d5 3. exd5 exd5 4. Nf3 Bg4 5. Qe2+ Be7 6. Qb5+ Nd7 7. Qxd5 c6 8.
Qb3 Nb6 9. Be3 Bxf3 10. gxf3 Nf6 11. Nc3 Nfd5 12. Nxd5 Qxd5 13. Qxd5 Nxd5 14.
Bc4 Nxe3 15. fxe3 Bh4+ 16. Kd2 b5 17. Bb3 Rd8 18. Rhg1 g6 19. Rg4 Be7 20. Re4
Rd7 21. Rg1 a5 22. a4 h6 23. Rgg4 f5 24. Be6 Rd6 25. Rxg6 fxe4 26. fxe4 Bg5 27.
Bf5 Rxg6 28. Bxg6+ Ke7 29. axb5 cxb5 30. d5 Kd6 31. Kd3 Bf6 32. c3 Rg8 33. Bf7
Rg2 34. h3 Rxb2 35. Be8 a4 36. c4 Rb3+ 37. Kd2 bxc4 38. Bxa4 Rb2+ 39. Bc2 c3+
40. Kd3 Bg5 41. Kxc3 Ra2 42. Kd3 Bxe3 43. Bb3 Ra3 44. Kc3 Bd4+ 45. Kc4 Ke5 {
Kc5 [%clk 0:00:21] Bxc5 [%clk 0:04:23]} 0-1

[Event "Nationale Pupillendag 2012 - Cat. F"]
[Site "Roosendaal"]
[Date "2012.06.16"]
[Round "4.4"]
[White "Janse, Sebastiaan"]
[Black "Salomons, Quinten"]
[Result "1-0"]
[ECO "C45"]
[WhiteElo "914"]
[BlackElo "810"]
[PlyCount "60"]
[EventDate "2012.??.??"]
[TimeControl "1200"]
[WhiteClock "0:15:22"]
[BlackClock "0:20:00"]

1. e4 e5 2. Nf3 Nc6 3. d4 exd4 4. Nxd4 Bc5 5. Be3 Nxd4 6. Bxd4 Bxd4 7. Qxd4 Nf6
8. Nc3 d6 9. Bc4 O-O 10. O-O c5 11. Qd3 Ng4 12. f3 Ne5 13. Qe2 Qg5 14. Bd5 Rb8
15. f4 Bg4 16. Qf2 Nf3+ 17. gxf3 Bxf3+ 18. Qg3 Qxg3+ 19. hxg3 Bg4 20. Nb5 a6
21. Nxd6 Rfd8 22. Nxb7 Rd7 23. Nxc5 Rc7 24. Nxa6 Rxc2 25. Nxb8 Rxb2 26. Rf2
Rxb8 27. Re1 Rd8 28. Rfe2 Rc8 29. Rb1 h6 30. Reb2 Rb8 1-0

[Event "Nationale Pupillendag 2012 - Cat. F"]
[Site "Roosendaal"]
[Date "2012.06.16"]
[Round "4.5"]
[White "Bruggink, Tycho"]
[Black "Terwee, Michiel"]
[Result "1/2-1/2"]
[ECO "C57"]
[WhiteElo "1060"]
[BlackElo "820"]
[PlyCount "198"]
[EventDate "2012.??.??"]
[TimeControl "1200+70"]
[WhiteClock "0:00:13"]
[BlackClock "0:00:15"]

1. e4 e5 2. Nf3 Nc6 3. Bc4 Nf6 4. Ng5 d5 5. exd5 Nxd5 6. d3 Be7 7. Bxd5 Qxd5 8.
O-O O-O 9. Nc3 Qd8 10. Nf3 Bg4 11. h3 Bf5 12. Re1 Bf6 13. Bd2 Re8 14. Ne4 Bxe4
15. Rxe4 Nd4 16. c3 Nf5 17. Qe1 Qxd3 18. Rd1 Qb5 19. b3 Rad8 20. c4 Qc6 21.
Nxe5 Bxe5 22. Rxe5 Rxe5 23. Qxe5 Nd6 24. Bc3 f6 25. Qh5 Re8 26. c5 Ne4 27. Ba1
Rc8 28. Qg4 Re8 29. Re1 Ng5 30. Rxe8+ Qxe8 31. Bc3 b6 32. cxb6 cxb6 33. h4 Ne4
34. Qe2 Qc6 35. Be1 Nd6 36. Qe6+ Kf8 37. Bb4 Qc1+ 38. Kh2 Qf4+ 39. g3 Qxb4 40.
Qd7 Ne4 41. Qd8+ Kf7 42. Qd5+ Ke7 43. Qb7+ Ke6 44. Qc8+ Kd5 45. Qd7+ Qd6 46.
Qf5+ Qe5 47. Qd7+ Nd6 48. Qxg7 Qe2 49. Qg8+ Kc5 50. b4+ Kxb4 51. Qb3+ Kc5 52.
Qc3+ Nc4 53. Qxf6 Qxa2 54. Qf5+ Kb4 55. Qf8+ Ka5 56. Qf5+ b5 57. g4 Ka4 58. g5
b4 59. h5 Nd6 60. Qd7+ Nb5 61. Qf5 Nd4 62. Qd7+ Nb5 63. Qf5 b3 64. g6 hxg6 65.
hxg6 b2 66. Qc2+ Ka5 67. Qd2+ Kb6 68. Qe3+ Ka5 69. Qd2+ Ka6 70. Qh6 b1=Q 71.
g7+ Ka5 72. Qh4 Qg6 73. Qd8+ Ka4 74. Qd1+ Qb3 75. Qa1+ Na3 76. Qd4+ Qb4 77.
Qxa7+ Kb3 78. Qe3+ Qc3 79. Qe7 Qgxg7 80. Qd8 Qh7+ 81. Kg1 Qc1+ 82. Kg2 Qhh1+
83. Kg3 Qc3+ 84. Kg4 Qe4+ 85. Kg5 Qc5+ 86. Kf6 Qec6+ 87. Kf7 Qa7+ 88. Qe7 Qxe7+
89. Kxe7 Qe4+ 90. Kf6 Qf4+ 91. Ke6 Qxf2 92. Kd6 Qb6+ 93. Ke5 Qd8 94. Kf4 Qe8
95. Kf5 Kc4 96. Kg4 Kd4 97. Kg5 Qf8 98. Kg4 Ke4 99. Kg3 Qf4+ {Kh4 [%clk 0:00:
09] Qxh4 [%clk 0:00:12]} 1/2-1/2

[Event "Nationale Pupillendag 2012 - Cat. F"]
[Site "Roosendaal"]
[Date "2012.06.16"]
[Round "4.6"]
[White "De Haas, Tristan"]
[Black "Vergos, Marios Timon"]
[Result "1-0"]
[ECO "C47"]
[WhiteElo "937"]
[BlackElo "760"]
[PlyCount "95"]
[EventDate "2012.??.??"]
[TimeControl "1200+75"]
[WhiteClock "0:09:15"]
[BlackClock "0:10:54"]

1. e4 e5 2. Nf3 Nc6 3. Bc4 Nf6 4. Nc3 Bb4 5. a3 Bxc3 6. dxc3 Nxe4 7. Qe2 d5 8.
Bb5 Nc5 9. Nxe5 O-O 10. Nxc6 bxc6 11. Bxc6 Rb8 12. O-O d4 13. Be4 Re8 14. f3 f5
15. Qc4+ Ne6 16. Bxf5 c5 17. cxd4 cxd4 18. Re1 Qf6 19. Bg4 g6 20. b3 Rb7 21.
Bb2 Rc7 22. Qd3 Rc6 23. Bxd4 Ba6 24. Qe3 Kf7 25. Bxf6 Kxf6 26. Qe5+ Kf7 27.
Red1 Bc8 28. Qd5 Rxc2 29. Re1 Rc5 30. Qd3 Bb7 31. b4 Rd5 32. Qe4 Rd7 33. Bxe6+
Ke7 34. Qh4+ Kd6 35. Bxd7 Kxd7 36. Rxe8 Kxe8 37. Rd1 Bc8 38. Rd8+ Kf7 39. Qc4+
Kf6 40. Rxc8 g5 41. Rf8+ Ke5 42. Qf7 Kd4 43. Re8 Kd3 44. Qd7+ Kc4 45. Rc8+ Kb3
46. Qd3+ Ka4 47. Ra8 a5 48. Rxa5# 1-0

[Event "Nationale Pupillendag 2012 - Cat. F"]
[Site "Roosendaal"]
[Date "2012.06.16"]
[Round "4.7"]
[White "Koster, David"]
[Black "Heijnen, Silvan"]
[Result "1-0"]
[ECO "C45"]
[WhiteElo "771"]
[BlackElo "889"]
[PlyCount "99"]
[EventDate "2012.??.??"]
[TimeControl "1200+65"]
[WhiteClock "0:11:10"]
[BlackClock "0:15:43"]

1. e4 e5 2. Nf3 Nc6 3. d4 exd4 4. Nxd4 Bc5 5. Be3 Nf6 6. Nxc6 dxc6 7. Qxd8+
Kxd8 8. Bxc5 Nxe4 9. Be3 Bf5 10. Na3 Nf6 11. Rd1+ Ke8 12. h3 Be4 13. f3 Bg6 14.
Bd3 Bxd3 15. Rxd3 Nd5 16. O-O f6 17. Re1 Kf7 18. g4 Rhe8 19. Bd2 Rxe1+ 20. Bxe1
Re8 21. Bd2 Re2 22. c4 Nb6 23. Ba5 Rxb2 24. Bxb6 Rxb6 25. Rd7+ Kg6 26. Rxc7 Ra6
27. Nb1 Rxa2 28. Rxb7 Rc2 29. Na3 Rc3 30. Rxa7 Rxf3 31. Kg2 Rf4 32. Ra6 Rd4 33.
Nc2 Rd2+ 34. Kg3 Rxc2 35. Rxc6 Rc3+ 36. Kf4 Kf7 37. Rc8 g5+ 38. Kf5 Rxh3 39. c5
h5 40. gxh5 Rxh5 41. c6 Rh6 42. c7 Rg6 43. Ra8 g4 44. c8=Q Rg5+ 45. Kf4 g3 46.
Qb7+ Kg6 47. Rg8+ Kh6 48. Rxg5 fxg5+ 49. Kxg3 Kh5 50. Qh7# 1-0

[Event "Nationale Pupillendag 2012 - Cat. F"]
[Site "Roosendaal"]
[Date "2012.06.16"]
[Round "4.8"]
[White "Bruil, Rembrandt"]
[Black "Luiten, Timo"]
[Result "1-0"]
[ECO "C34"]
[WhiteElo "752"]
[BlackElo "670"]
[PlyCount "35"]
[EventDate "2012.??.??"]
[TimeControl "1200+45"]
[WhiteClock "0:19:47"]
[BlackClock "0:17:09"]

1. e4 e5 2. f4 exf4 3. Nf3 Nf6 4. Nc3 Nc6 5. d4 Bb4 6. Bxf4 Bxc3+ 7. bxc3 Nxe4
8. Qe2 Qe7 9. Bxc7 O-O 10. Nd2 Nxc3 11. Qxe7 Nxe7 12. Bd6 Ncd5 13. c4 Nb6 14.
Bxe7 Re8 15. O-O-O Rxe7 16. Bd3 Re3 17. Rde1 Rxd3 18. Re8# 1-0

[Event "Nationale Pupillendag 2012 - Cat. F"]
[Site "Roosendaal"]
[Date "2012.06.16"]
[Round "4.9"]
[White "Heskes, Johan"]
[Black "Tran, Tommy"]
[Result "0-1"]
[ECO "C64"]
[WhiteElo "526"]
[BlackElo "813"]
[PlyCount "32"]
[EventDate "2012.??.??"]
[TimeControl "1200+30"]
[WhiteClock "0:18:39"]
[BlackClock "0:16:48"]

1. e4 e5 2. Nf3 Nc6 3. Bb5 Bc5 4. Bxc6 dxc6 5. Nxe5 Qd4 6. O-O Qxe5 7. c3 Bb6
8. d4 Qe6 9. d5 cxd5 10. exd5 Qd6 11. Re1+ Ne7 12. Bg5 f6 13. Bc1 Bf5 14. Be3
c5 15. b4 Bc7 16. bxc5 Qxh2+ 0-1

[Event "Nationale Pupillendag 2012 - Cat. F"]
[Site "Roosendaal"]
[Date "2012.06.16"]
[Round "4.10"]
[White "De Valck, Thomas"]
[Black "Schreuder, Ruben"]
[Result "0-1"]
[ECO "C50"]
[WhiteElo "734"]
[BlackElo "733"]
[PlyCount "26"]
[EventDate "2012.??.??"]
[TimeControl "1200+25"]
[WhiteClock "0:18:48"]
[BlackClock "0:19:20"]

1. e4 e5 2. Bc4 Nf6 3. Nc3 Nc6 4. Nf3 Bc5 5. d3 O-O 6. Bg5 d6 7. Bxf6 Qxf6 8.
Nd5 Qd8 9. O-O Bg4 10. Qe2 Nd4 11. Qd2 Nxf3+ 12. gxf3 Bxf3 13. Qa5 Qg5# 0-1

[Event "Nationale Pupillendag 2012 - Cat. F"]
[Site "Roosendaal"]
[Date "2012.06.16"]
[Round "4.11"]
[White "Kerkmeester, Cedric"]
[Black "Honkoop, Gilian"]
[Result "0-1"]
[ECO "C57"]
[WhiteElo "882"]
[BlackElo "1022"]
[PlyCount "133"]
[EventDate "2012.??.??"]
[TimeControl "1200+85"]
[WhiteClock "0:10:08"]
[BlackClock "0:11:30"]

1. e4 e5 2. Nf3 Nc6 3. Bc4 Nf6 4. Ng5 d5 5. exd5 Nxd5 6. Nxf7 Kxf7 7. Qf3+ Qf6
8. Qxf6+ gxf6 9. Bxd5+ Kg7 10. O-O Rg8 11. Bxg8 Kxg8 12. Nc3 Bf5 13. d3 Bd6 14.
Bh6 Kf7 15. a3 Rg8 16. g3 Nd4 17. Rac1 Bh3 18. Rfd1 Bg4 19. Ne4 Bxd1 20. Rxd1
Nxc2 21. Rc1 Nd4 22. Nxd6+ cxd6 23. Rc7+ Ke6 24. Rxb7 Nc6 25. Rc7 Kd5 26. Rxh7
Nd4 27. Rxa7 Nf3+ 28. Kg2 Ne1+ 29. Kf1 Nxd3 30. Ra5+ Ke6 31. Rb5 Rc8 32. a4 Rc2
33. b3 Rxf2+ 34. Kg1 Rb2 35. a5 Nc5 36. b4 Na4 37. a6 Nc3 38. Rb7 Ra2 39. a7
Ne2+ 40. Kf1 Nd4 41. b5 Ra1+ 42. Kf2 Ra2+ 43. Ke3 Ra3+ 44. Kd2 Ra2+ 45. Kc3
Nxb5+ 46. Rxb5 Rxa7 47. h4 Ra3+ 48. Kb4 Rxg3 49. Ka4 Rh3 50. Rb4 Kf5 51. Bf8 d5
52. Rb5 Rxh4+ 53. Ka5 d4 54. Bb4 Kf4 55. Ka6 Kf5 56. Ra5 d3 57. Ra1 Rxb4 58.
Rf1+ Ke6 59. Rd1 Rd4 60. Kb5 Kf5 61. Kc5 Ke4 62. Kb5 Kf3 63. Kc5 Ke2 64. Ra1 d2
65. Ra2 Ke1 66. Rxd2 Kxd2 67. Kb5 0-1

[Event "Nationale Pupillendag 2012 - Cat. F"]
[Site "Roosendaal"]
[Date "2012.06.16"]
[Round "4.12"]
[White "Bourgonjen, Thijmen"]
[Black "Meulendijks, Bram"]
[Result "1-0"]
[ECO "C51"]
[WhiteElo "816"]
[BlackElo "616"]
[PlyCount "143"]
[EventDate "2012.??.??"]
[TimeControl "1200+40"]
[WhiteClock "0:15:24"]
[BlackClock "0:20:00"]

1. e4 e5 2. Nf3 Nc6 3. Bc4 Bc5 4. b4 Bxb4 5. c3 Bc5 6. d4 exd4 7. cxd4 Bb4+ 8.
Nbd2 Nf6 9. O-O d6 10. a3 Bc3 11. Rb1 O-O 12. Qc2 Bxd2 13. Qxd2 Bg4 14. Qe3 Re8
15. Bd3 d5 16. e5 Bh5 17. Qf4 Ng4 18. Qf5 g6 19. Qf4 h6 20. h3 g5 21. Qd2 Ngxe5
22. dxe5 Nxe5 23. Nxe5 Rxe5 24. Bb2 Re8 25. Qc3 f6 26. Rfe1 Rxe1+ 27. Rxe1 c6
28. Qxf6 Qxf6 29. Bxf6 Kf7 30. Bd4 b6 31. Kh2 c5 32. Bc3 d4 33. Bd2 b5 34. Bxb5
Rb8 35. Be2 Bxe2 36. Rxe2 Rb2 37. Kg3 c4 38. Kf3 c3 39. Bc1 Rb1 40. Be3 dxe3
41. Rc2 Rb3 42. Kxe3 Rxa3 43. Kd4 a5 44. Rxc3 Ra2 45. Kc4 a4 46. Kb4 Rxf2 47.
g3 Rh2 48. g4 Kg6 49. Kxa4 h5 50. gxh5+ Kxh5 51. Kb4 g4 52. hxg4+ Kxg4 53. Rc8
Rd2 54. Rg8+ Kf5 55. Kc4 Ke5 56. Kc3 Rd4 57. Re8+ Kd5 58. Rd8+ Ke5 59. Rxd4 Kf5
60. Kd3 Ke5 61. Ke3 Kf5 62. Re4 Kg5 63. Kf3 Kf5 64. Ke3 Kg5 65. Rf4 Kg6 66. Ke4
Kg5 67. Ke5 Kg6 68. Rf5 Kh6 69. Kf6 Kh7 70. Kf7 Kh6 71. Ra5 Kh7 72. Rh5# 1-0

[Event "Nationale Pupillendag 2012 - Cat. F"]
[Site "Roosendaal"]
[Date "2012.06.16"]
[Round "4.14"]
[White "Von Imhof, Julia"]
[Black "Winters, Sean"]
[Result "0-1"]
[ECO "C00"]
[WhiteElo "398"]
[BlackElo "387"]
[PlyCount "84"]
[EventDate "2012.??.??"]
[TimeControl "1200+40"]
[WhiteClock "0:15:46"]
[BlackClock "0:15:41"]

1. e4 e6 2. Nc3 Nf6 3. Nf3 Nc6 4. d4 d5 5. exd5 Nxd5 6. Nxd5 exd5 7. Ne5 Qe7 8.
Be2 Nxe5 9. dxe5 Qxe5 10. O-O b6 11. Bb5+ Kd8 12. Bd2 d4 13. h4 Qxb5 14. Bg5+
Be7 15. Bxe7+ Kxe7 16. Re1+ Be6 17. Qe2 Qc6 18. Rad1 Rad8 19. Rd2 Kf8 20. Red1
Ke7 21. Rxd4 Rxd4 22. Rxd4 Kf8 23. Qd2 Ke7 24. Qg5+ f6 25. Qd2 Rd8 26. Qb4+ Rd6
27. Qxd6+ Qxd6 28. Rxd6 Kxd6 29. Kh2 Bxa2 30. c3 Be6 31. g3 Ke5 32. Kg2 Bd5+
33. f3 g5 34. hxg5 fxg5 {f4+ [%clk 0:16:27] gxf4+ [%clk 0:16:19] gxf4+ [%clk 0:
16:25] Kxf4+ [%clk 0:16:17]} 35. Kf2 Bc4 36. Ke1 {Ke3 [%clk 0:16:11] Kd1 [%clk
0:16:16]} h5 {Kc2 [%clk 0:16:14] Bd3+ [%clk 0:15:57]} 37. Kd1 h4 38. Ke1 h3 39.
b4 a6 {c4 [%clk 0:15:59] Bxc4 [%clk 0:15:49]} 40. Kd1 h2 41. b5 axb5 42. Kc2
h1=Q {Kc3 [%clk 0:15:44] Qh8+ [%clk 0:15:35] Kb4 [%clk 0:15:38] Qf8+ [%clk 0:
15:27] Kc3 [%clk 0:15:36] Qf6+ [%clk 0:15:25] Kb4 [%clk 0:15:35] Qd6+ [%clk 0:
15:23] Kc3 [%clk 0:15:33] Qd3+ [%clk 0:15:21] Kb4 [%clk 0:15:31] Qb3# [%clk 0:
15:19]} 0-1

[Event "Nationale Pupillendag 2012 - Cat. F"]
[Site "Roosendaal"]
[Date "2012.06.16"]
[Round "4.15"]
[White "Kanapathi Pillai, Vinusha"]
[Black "De Oude, Fenna"]
[Result "0-1"]
[ECO "C24"]
[WhiteElo "370"]
[BlackElo "415"]
[PlyCount "56"]
[EventDate "2012.??.??"]
[TimeControl "1200+65"]
[WhiteClock "0:12:15"]
[BlackClock "0:11:41"]

1. e4 e5 2. Bc4 Nf6 3. Bb3 Bc5 4. Qe2 O-O 5. Nf3 Ng4 6. h3 Bxf2+ 7. Kf1 Bc5 8.
hxg4 Qe7 9. g3 Bb6 10. Qh2 h6 11. g5 Qc5 12. d4 Qb5+ 13. c4 Qb4 14. gxh6 Ba5
15. Nbd2 d6 16. h7+ Kh8 17. c5 Bg4 18. Ng5 Qb5+ 19. Kf2 Bxd2 20. Nxf7+ Rxf7+
21. Bxf7 Qe2+ 22. Kg1 Be3+ 23. Bxe3 Qxe3+ 24. Kf1 Be2+ 25. Ke1 Nc6 26. Qh4 Rf8
27. Qh5 Nxd4 28. Qg6 Nf3# 0-1

[Event "Nationale Pupillendag 2012 - Cat. F"]
[Site "Roosendaal"]
[Date "2012.06.16"]
[Round "4.16"]
[White "Stikker, Julia"]
[Black "Meijer, Arjen"]
[Result "0-1"]
[ECO "C46"]
[WhiteElo "436"]
[BlackElo "796"]
[PlyCount "54"]
[EventDate "2012.??.??"]
[TimeControl "1200+160"]
[WhiteClock "0:08:24"]
[BlackClock "0:20:00"]

1. e4 e5 2. Nf3 Nc6 3. Nc3 Bc5 4. Bc4 d6 5. d3 h6 6. Bd2 Bg4 7. O-O Nf6 8. Nb5
a6 9. Nc3 Nd4 10. h3 Bh5 11. Na4 Nxf3+ 12. Kh1 Nxd2 13. Qxd2 Bd4 14. Rae1 Qd7
15. b3 b5 16. Bd5 Nxd5 17. exd5 bxa4 18. bxa4 Qxa4 19. Qc1 O-O 20. Qb1 Rab8 21.
Qc1 Bb2 22. Qe3 Qxc2 23. Rb1 Bd4 24. Qe1 Rxb1 25. g4 Rxe1 26. Rxe1 Qxf2 27. Rg1
Qxg1# 0-1

[Event "Nationale Pupillendag 2012 - Cat. F"]
[Site "Roosendaal"]
[Date "2012.06.16"]
[Round "5.1"]
[White "De Boer, Eelke"]
[Black "Maes, Djad"]
[Result "1-0"]
[ECO "C44"]
[WhiteElo "1205"]
[BlackElo "845"]
[PlyCount "105"]
[EventDate "2012.??.??"]
[TimeControl "1200+40"]
[WhiteClock "0:13:32"]
[BlackClock "0:16:21"]

1. e4 e5 2. Nf3 Nc6 3. c3 Bc5 4. d4 Bb6 5. d5 Nce7 6. Nxe5 f6 7. Nf3 Ng6 8. Be2
N8e7 9. O-O O-O 10. Qb3 d6 11. Nd4 Nf4 12. Bxf4 Bxd4 13. cxd4 c5 14. dxc6+ Kh8
15. cxb7 Rb8 16. Ba6 Qb6 17. Qxb6 axb6 18. Bxd6 Bxb7 19. Bxb8 Bxa6 20. Bd6 Bxf1
21. Bxe7 Re8 22. Kxf1 Rxe7 23. Nc3 Rd7 24. d5 Kg8 25. Rd1 Kf7 26. f4 g5 27. f5
h5 28. d6 h4 29. Na4 b5 30. Nc5 Rd8 31. d7 Ke7 32. a4 bxa4 33. Nxa4 Rxd7 34.
Rxd7+ Kxd7 35. Ke2 Kc6 36. Kd3 Kd6 37. Kd4 Kc6 38. Nc5 Kd6 39. b4 Kc6 40. Ne6
Kb5 41. e5 fxe5+ 42. Kxe5 Kxb4 43. f6 Kc4 44. f7 Kd3 45. f8=Q h3 46. Qf3+ Kc4
47. gxh3 g4 48. Qxg4+ Kd3 49. Qd4+ Ke2 50. Nf4+ Ke1 51. Qe3+ Kf1 52. Qe2+ Kg1
53. Qg2# 1-0

[Event "Nationale Pupillendag 2012 - Cat. F"]
[Site "Roosendaal"]
[Date "2012.06.16"]
[Round "5.2"]
[White "Hoeneveld, Maarten"]
[Black "Koster, David"]
[Result "1-0"]
[ECO "B20"]
[WhiteElo "1355"]
[BlackElo "771"]
[PlyCount "35"]
[EventDate "2012.??.??"]
[TimeControl "1200+205"]
[WhiteClock "0:08:50"]
[BlackClock "0:14:03"]

1. e4 c5 2. d4 e6 3. d5 d6 4. Nf3 Nf6 5. Nc3 g6 6. Bf4 Bg7 7. Nb5 Bf8 8. dxe6
Nxe4 9. exf7+ Kxf7 10. Qd5+ Be6 11. Qxb7+ Nd7 12. Qxe4 Qa5+ 13. Nc3 Re8 14. Bc4
Bxc4 15. Ng5+ Kg7 16. Qxe8 Nf6 17. Ne6+ Kg8 18. Qxf8# 1-0

[Event "Nationale Pupillendag 2012 - Cat. F"]
[Site "Roosendaal"]
[Date "2012.06.16"]
[Round "5.3"]
[White "Tran, Tommy"]
[Black "Van Harten, Eva"]
[Result "1-0"]
[ECO "B13"]
[WhiteElo "813"]
[BlackElo "867"]
[PlyCount "89"]
[EventDate "2012.??.??"]
[TimeControl "1200+45"]
[WhiteClock "0:11:31"]
[BlackClock "0:11:21"]

1. e4 c6 2. d4 d5 3. exd5 cxd5 4. Nf3 Nc6 5. Nc3 Nf6 6. b3 Bg4 7. Be3 e5 8. Be2
e4 9. Ne5 Bxe2 10. Qxe2 Bd6 11. Nxc6 bxc6 12. O-O O-O 13. f3 exf3 14. Qxf3 Be7
15. Qg3 Re8 16. Bh6 g6 17. Bg5 Rf8 18. Qf3 Ne4 19. Bxe7 Qxe7 20. Nxe4 dxe4 21.
Qe3 Rac8 22. Rfe1 Rfe8 23. Re2 c5 24. Rae1 f5 25. dxc5 Rxc5 26. Rd2 Rec8 27. c4
a5 28. Red1 Qc7 29. Rd6 a4 30. Qd4 axb3 31. axb3 Ra5 32. Rd8+ Rxd8 33. Qxd8+
Qxd8 34. Rxd8+ Kg7 35. b4 Ra4 36. Rb8 e3 37. Kf1 Ra2 38. Ke1 Rxg2 39. c5 f4 40.
c6 f3 41. c7 Rc2 42. c8=Q Rxc8 43. Rxc8 f2+ 44. Kf1 h5 45. Re8 1-0

[Event "Nationale Pupillendag 2012 - Cat. F"]
[Site "Roosendaal"]
[Date "2012.06.16"]
[Round "5.4"]
[White "Bruil, Rembrandt"]
[Black "Hilwerda, Jonas"]
[Result "0-1"]
[ECO "C35"]
[WhiteElo "752"]
[BlackElo "1255"]
[PlyCount "80"]
[EventDate "2012.??.??"]
[TimeControl "1200+115"]
[WhiteClock "0:08:45"]
[BlackClock "0:04:30"]

1. e4 e5 2. f4 exf4 3. Nf3 Be7 4. d4 Bh4+ 5. g3 fxg3 6. hxg3 Bxg3+ 7. Ke2 Qe7
8. Nc3 Nf6 9. Bg5 h6 10. Bxf6 gxf6 11. Rg1 Bf4 12. Qd3 c6 13. Re1 b6 14. Nh4
Ba6 15. Qxa6 Nxa6 16. Nf5 Qf8 17. Kf3 Bd2 18. Rd1 Bxc3 19. bxc3 Nc7 20. Be2 Rg8
21. Nxh6 Rxg1 22. Rxg1 Qxh6 23. Ba6 Ke7 24. Bc4 Qh5+ 25. Kf2 Qh2+ 26. Rg2 Qf4+
27. Kg1 Rh8 28. Bd3 Qe3+ 29. Rf2 Rh1+ 30. Kg2 Rh2+ 31. Kxh2 Qxf2+ 32. Kh3 Ne6
33. Kg4 Qf4+ 34. Kh3 Ng5+ 35. Kg2 Qf3+ 36. Kh2 Qg4 37. Be2 Nf3+ 38. Bxf3 Qxf3
39. Kg1 Qe2 40. Kh1 Kf8 0-1

[Event "Nationale Pupillendag 2012 - Cat. F"]
[Site "Roosendaal"]
[Date "2012.06.16"]
[Round "5.5"]
[White "Honkoop, Gilian"]
[Black "Kroetkov, Ivan"]
[Result "0-1"]
[ECO "B33"]
[WhiteElo "1022"]
[BlackElo "922"]
[PlyCount "90"]
[EventDate "2012.??.??"]
[TimeControl "1200+110"]
[WhiteClock "0:04:46"]
[BlackClock "0:10:38"]

1. e4 c5 2. Nf3 Nc6 3. d4 cxd4 4. Nxd4 Nf6 5. Nc3 e6 6. Bg5 d5 7. Bxf6 Qxf6 8.
Nxc6 bxc6 9. exd5 cxd5 10. Be2 Rb8 11. Rb1 Bb4 12. O-O Bd6 13. a3 Qh6 14. Bb5+
Ke7 15. h3 Qf4 16. g3 Qh6 17. h4 g5 18. hxg5 Qxg5 19. Re1 Bb7 20. Ba4 Qh6 21.
Bb3 d4 22. Ne4 f5 23. Qxd4 Bxe4 24. Rxe4 fxe4 25. Qxe4 Bc5 26. Re1 Rb6 27. Qe5
Rc8 28. Qf5 Qf6 29. Qxh7+ Qf7 30. Qh2 Bd4 31. Qh4+ Bf6 32. Qg4 Bxb2 33. Bxe6
Rxe6 34. Rxe6+ Qxe6 35. Qb4+ Qd6 36. Qxb2 Qd1+ 37. Kg2 Rxc2 38. Qg7+ Kd6 39.
Qxa7 Qd5+ 40. Kh3 Qh1+ 41. Kg4 Rc4+ 42. Kg5 Qd5+ 43. Kg6 Rg4+ 44. Kh6 Qg5+ 45.
Kh7 Qh5# 0-1

[Event "Nationale Pupillendag 2012 - Cat. F"]
[Site "Roosendaal"]
[Date "2012.06.16"]
[Round "5.6"]
[White "Schreuder, Ruben"]
[Black "De Haas, Tristan"]
[Result "0-1"]
[ECO "C46"]
[WhiteElo "733"]
[BlackElo "937"]
[PlyCount "55"]
[EventDate "2012.??.??"]
[TimeControl "1200+30"]
[WhiteClock "0:17:31"]
[BlackClock "0:16:55"]

1. e4 e5 2. Nf3 Nc6 3. Nc3 Bc5 4. Bc4 h6 5. O-O Nf6 6. d3 d6 7. h3 Be6 8. Bxe6
fxe6 9. Be3 Nd4 10. Nxd4 exd4 11. Na4 dxe3 12. fxe3 Bxe3+ 13. Kh1 Qd7 14. b3
O-O-O 15. Qe1 Bd4 16. Rc1 Nh5 17. Qa5 Ng3+ 18. Kh2 Nxf1+ 19. Rxf1 a6 20. Qb4
Bc5 21. Nxc5 dxc5 22. Qxc5 b6 23. Qa3 a5 24. b4 Qd6+ 25. Kg1 Qxb4 26. Qxb4 axb4
27. Rb1 Rd4 28. Rxb4 0-1

[Event "Nationale Pupillendag 2012 - Cat. F"]
[Site "Roosendaal"]
[Date "2012.06.16"]
[Round "5.7"]
[White "Terwee, Michiel"]
[Black "Janse, Sebastiaan"]
[Result "1-0"]
[ECO "D53"]
[WhiteElo "820"]
[BlackElo "914"]
[PlyCount "113"]
[EventDate "2012.??.??"]
[TimeControl "1200+90"]
[WhiteClock "0:13:42"]
[BlackClock "0:10:51"]

1. d4 d5 2. c4 Nf6 3. Nc3 e6 4. Bg5 Be7 5. cxd5 exd5 6. Nf3 Bf5 7. e3 O-O 8.
Bd3 Bxd3 9. Qxd3 Nbd7 10. O-O Re8 11. Bxf6 Nxf6 12. e4 dxe4 13. Nxe4 Nxe4 14.
Qxe4 Ba3 15. Qxb7 Rb8 16. Qxa7 Bxb2 17. Rab1 h6 18. Qa4 Re2 19. Rfe1 Rxe1+ 20.
Rxe1 Qd5 21. Qa7 Qb5 22. Qxc7 Qb7 23. Re7 Qxc7 24. Rxc7 Rd8 25. Rc4 Kf8 26. g3
Ke7 27. Ne5 Bxd4 28. Nc6+ Kd7 29. Nxd8 Kxd8 30. Rxd4+ Kc7 31. Rf4 f6 32. Rg4 g5
33. Rc4+ Kd6 34. a3 Kd5 35. Rc1 Kd4 36. Rc6 Kd5 37. Rxf6 Kc4 38. a4 Kb4 39.
Rxh6 Kxa4 40. f4 gxf4 41. gxf4 Kb4 42. f5 Kc5 43. f6 Kd6 44. f7+ Ke7 45. Rh7
Kf8 46. Kg2 Ke7 47. f8=Q+ Kxf8 48. Kf3 Kg8 49. Ra7 Kf8 50. Ke4 Ke8 51. Kd5 Kd8
52. Kc6 Ke8 53. Kd6 Kf8 54. Ke6 Kg8 55. Kf6 Kh8 56. Kg6 Kg8 57. Ra8# 1-0